 Dungeon Crawl Stone Soup version 0.29-a0-231-g945431f764 (webtiles) character file.

Game seed: 8378621063538504872

1156 testman the Shooter (level 8, -4/48 HPs)
             Began as a Deep Elf Arcane Marksman on Feb 28, 2022.
             Was a Believer of Qazlal.
             Slain by a water moccasin (7 damage)
             ... on level 5 of the Dungeon.
             The game lasted 00:34:37 (6298 turns).

testman the Shooter (Deep Elf Arcane Marksman)      Turns: 6298, Time: 00:34:37

Health: -4/48      AC:  3    Str:  5 (7)  XL:     8   Next: 16%
Magic:  13/16      EV: 13    Int: 17 (19) God:    Qazlal [**....]
Gold:   280        SH:  3    Dex: 21 (23) Spells: 7/15 levels left

rFire   . . .      SeeInvis .   a - +1 shortbow
rCold   . . .      Faith    .   (shield currently unavailable)
rNeg    . . .      Spirit   .   b - +0 robe
rPois   .          Reflect  .   g - +0 helmet
rElec   .          Harm     .   (no cloak)
rCorr   .          Rampage  .   (no gloves)
Will    +....                   (no boots)
Stlth   +.........              (no amulet)
HPRegen 0.16/turn               k - +6 ring of dexterity
MPRegen 0.15/turn               o - ring of willpower

@: lethally poisoned (-4 -> -8), on berserk cooldown, attractive, slowed, very
slow
A: no striking features
a: Renounce Religion, Upheaval


You were on level 5 of the Dungeon.
You worshipped Qazlal.
Qazlal was pleased with you.
You visited 1 branch of the dungeon, and saw 5 of its levels.
You also visited: Ossuary.

You collected 280 gold pieces.

Inventory:

Hand Weapons
 a - a +1 shortbow (weapon)
Missiles
 m - 11 poisoned darts
 u - 6 curare-tipped darts
Armour
 b - a +0 robe (worn)
 g - a +0 helmet (worn)
Jewellery
 h - a ring of protection from cold
 k - a +6 ring of dexterity (left hand)
 o - a ring of willpower (right hand)
 r - a ring of positive energy
Wands
 t - a wand of mindburst (6)
 x - a wand of polymorph (8)
 D - a wand of iceblast (5)
Scrolls
 e - 3 scrolls of immolation
 i - a scroll of silence
 j - 2 scrolls of amnesia
 n - 2 scrolls of summoning
 s - a scroll of blinking
 w - a scroll of vulnerability
Potions
 c - a potion of lignification
 f - a potion of mutation
 p - a potion of brilliance
 v - 4 potions of degeneration
 z - a potion of flight {unknown}
 A - a potion of haste {unknown}
 B - a potion of heal wounds {unknown}
 C - a potion of might {unknown}


   Skills:
 + Level 4.1 Fighting
 + Level 7.2 Bows
 - Level 2.4 Dodging
 - Level 4.0 Spellcasting
 + Level 5.3 Hexes
 - Level 3.0 Translocations
 + Level 4.3 Invocations


You had 7 spell levels left.
You knew the following spells:

 Your Spells              Type           Power      Damage    Failure   Level
a - Slow                  Hex            84%        N/A       1%          1
b - Portal Projectile     Hex/Tloc       34%        N/A       9%          3
c - Cause Fear            Hex            10%        N/A       17%         4

Your spell library contained the following spells:

 Spells                   Type           Power      Damage    Failure   Level
 Confusing Touch          Hex            21%        N/A       5%          3
 Summon Small Mammal      Summ           12%        N/A       16%         1
 Dazzling Flash           Conj/Hex       24%        N/A       16%         3
 Inner Flame              Hex/Fire       12%        N/A       16%         3
 Summon Guardian Golem    Hex/Summ       12%        N/A       16%         3
 Call Canine Familiar     Summ           3%         N/A       43%         3
 Vampiric Draining        Necr           3%         2d6       43%         3
 Silence                  Hex/Air        6%         N/A       82%         5
 Agony                    Necr           3%         N/A       99%         5


Dungeon Overview and Level Annotations

Branches:
Dungeon (5/15)            Ossuary (visited)
 Temple: D:4-7

Altars:
Makhleb
Qazlal


Message History

You feel sick.
You bump into the rock wall.
You feel less invigorated.
You feel less confused.
You feel sick. The water moccasin bites you!
You are lethally poisoned!
The water moccasin poisons you!
The water moccasin completely misses you.
It was a potion of attraction.
You feel attractive to monsters.
* * * LOW HITPOINT WARNING * * *
You feel very sick. You block the water moccasin's attack.
Your magical contamination has completely faded away.
It was a potion of berserk rage.
A red film seems to cover your vision as you go berserk!
You feel yourself moving faster!
You feel mighty!
You feel very sick. The water moccasin bites you.
* * * LOW HITPOINT WARNING * * *
You are too berserk!
You are too berserk!
You are too berserk!
You feel a strong urge to attack something.
* * * LOW HITPOINT WARNING * * *
You feel sick.
* * * LOW HITPOINT WARNING * * *
You feel sick.
You feel your anger nearly subside.
You feel sick.
You are no longer berserk.
You are exhausted.
You feel yourself slow down.
* * * LOW HITPOINT WARNING * * *
You feel sick.
Aiming: Upheaval
Press: ? - help, Dir - move target A blizzard blasts the area with ice!
* * * LOW HITPOINT WARNING * * *
You feel sick. The water moccasin bites you!
You die...

...........#.########.#######
##########.#................# #
#........###.....#.#
#################.#######.#.#
...............#..........#.#
##############.#..#########.#
#,,,* #.#............#
#...##########.#..###########
,.............§S@☼....>#
*#####...#####°..#.#####
*,,,⌠###..* #.)<#.# *,,,***##.#*
#..##.######## *,_,,,,**..*
#............# *,,,**,**#.#
#..##.######.# *,,,⌠*,,...#
#..........#.#
******,....#*##)##.####.#.#######
*,,,,,.....* #.#....<...........


You could see a water moccasin.

Vanquished Creatures
  A black bear (D:4)
  2 ogres (D:4)
  A bullfrog (D:4)
  2 scorpions
  3 water moccasin zombies (Ossuary)
  2 howler monkeys (D:4)
  A hound (D:4)
  An orc priest (D:5)
  An iguana (D:4)
  3 orc wizards
  2 mummies (Ossuary)
  A gnoll (D:4)
  5 adders
  An ufetubus (D:5)
  4 adder zombies (Ossuary)
  3 worms
  4 dart slugs
  7 orcs
  13 endoplasms
  4 giant cockroaches
  5 gnoll zombies (Ossuary)
  9 goblins
  6 hobgoblins
  6 jackals
  4 kobolds
  4 quokkas
  7 ball pythons
  7 bats
  10 frilled lizards
  4 hobgoblin zombies (Ossuary)
  11 kobold zombies (Ossuary)
  7 orc zombies (Ossuary)
  2 rats (D:1)
143 creatures vanquished.

Vanquished Creatures (collateral kills)
  An ogre (D:5)
  2 orcs (D:5)
3 creatures vanquished.

Vanquished Creatures (others)
  A fungus (D:1)
1 creature vanquished.

Grand Total: 147 creatures vanquished

Notes
Turn   | Place    | Note
-------+----------+-------------------------------------------
     0 | D:1      | testman the Deep Elf Arcane Marksman began the quest for
                  | the Orb.
     0 | D:1      | Reached XP level 1. HP: 11/11 MP: 5/5
   208 | D:1      | Reached skill level 1 in Fighting
   484 | D:1      | Reached skill level 3 in Bows
   496 | D:1      | Reached XP level 2. HP: 13/16 MP: 4/6
   746 | D:1      | Found a faded altar of an unknown god.
   878 | D:1      | Reached XP level 3. HP: 15/21 MP: 7/7
   882 | D:1      | Learned a level 3 spell: Portal Projectile
  1317 | D:2      | Reached skill level 4 in Bows
  1507 | D:2      | Reached skill level 1 in Translocations
  2323 | D:2      | You fall into a shaft and drop 1 floor!
  2475 | D:3      | Reached XP level 4. HP: 26/26 MP: 8/8
  2921 | D:3      | Found a stormy altar of Qazlal.
  2929 | D:3      | Became a worshipper of Qazlal Stormbringer
  3571 | D:4      | Noticed a scorpion
  3726 | D:4      | Noticed an ogre
  3765 | D:4      | Killed an ogre
  3766 | D:4      | Reached skill level 5 in Bows
  3766 | D:4      | Reached skill level 1 in Invocations
  3766 | D:4      | Reached XP level 5. HP: 31/31 MP: 10/10
  3766 | D:4      | Upgraded the game from 0.29-a0-222-g5b244fca1f to
                  | 0.29-a0-231-g945431f764
  4043 | D:4      | Noticed a black bear
  4045 | D:4      | Reached * piety under Qazlal
  4046 | D:4      | Reached XP level 6. HP: 34/36 MP: 11/11
  4135 | D:4      | Reached skill level 6 in Bows
  4212 | D:4      | Reached skill level 5 in Hexes
  4212 | D:4      | Reached XP level 7. HP: 41/41 MP: 10/12
  4387 | D:5      | Entered Level 5 of the Dungeon
  4746 | D:5      | Found a sand-covered staircase.
  4755 | Ossuary  | Entered an ossuary
  5043 | Ossuary  | Reached ** piety under Qazlal
  5671 | D:5      | Reached skill level 7 in Bows
  5671 | D:5      | Reached XP level 8. HP: 25/48 MP: 15/15
  5676 | D:5      | Learned a level 4 spell: Cause Fear
  5902 | D:5      | Found a burning altar of Makhleb.
  6298 | D:5      | Slain by a water moccasin

Illustrated notes

Levels and vault maps discovered:
D:1:      dpeg_cavernosity, layout_basic,
          dreamdust_ecumenical_altar_angels_and_demons
D:2:      layout_basic
D:3:      minmay_general_purpose_star, layout_loops_ring,
          mainiacjoe_overflow_surrounded_room
D:4:      layout_loops_ring, chequers_arboretum, nzn_random_ring
D:5:      layout_basic, mainiacjoe_overflow_alcove_2, mainiacjoe_overflow_paths,
          lightli_ossuary_entry_decrepit_ruins

Skill      XL: |  1  2  3  4  5  6  7  8 |
---------------+-------------------------+-----
Fighting       | 1 2 3 4 |  4.1
Bows           | 3 4 5 6 7 |  7.2
Translocations | 1 2 3 |  3.0
Spellcasting   | 2 3 4 |  4.0
Invocations    | 1 2 3 4 |  4.3
Hexes          | 5 |  5.3
Dodging        | |  2.4

Action                   |  1- 3 |  4- 6 |  7- 9 || total
-------------------------+-------+-------+-------++-------
 Fire: Shortbow          |   127 |   145 |   180 ||   452
 Cast: Slow              |     2 |     5 |    11 ||    18
Invok: Upheaval          |       |       |     1 ||     1
Evoke: Wand              |       |       |     1 ||     1
  Use: Potion            |     3 |       |     6 ||     9
       Scroll            |       |       |    16 ||    16
Armor: Robe              |    13 |     2 |    30 ||    45
       Skin              |     3 |       |       ||     3
Dodge: Dodged            |    33 |    18 |    98 ||   149
Block: Other             |       |     1 |    11 ||    12

Table legend: (Time is in decaauts)
 A = Elapsed time spent in this place.
 B = Non-inter-level travel time spent in this place.
 C = Inter-level travel time spent in this place.
 D = Time resting spent in this place.
 E = Time spent auto-exploring this place.
 F = Levels seen in this place.
 G = Mean time per level.
                   A        B        C        D        E       F      G
               +--------+--------+--------+--------+--------+-----+--------+
         Total |   6408 |   6146 |    262 |   1676 |   3204 |   6 | 1068.0 |
       Dungeon |   5600 |   5338 |    262 |   1159 |   3204 |   5 | 1120.0 |
       Ossuary |    807 |    807 |      0 |    517 |      0 |   1 |  807.0 |
               +--------+--------+--------+--------+--------+-----+--------+

Top non-repeatable levels by time:
     D:4: 1613 daAuts
     D:1: 1290 daAuts
     D:2: 1067 daAuts
     D:3: 869 daAuts
 Ossuary: 807 daAuts
     D:5: 760 daAuts
